 Dungeon Crawl Stone Soup version 0.20-a0-809-gaf7f668 (webtiles) character file.

601 Dfrag the Stinger (level 7, -5/82 HPs)
             Began as a Naga Venom Mage on Mar 2, 2017.
             Was a Follower of Makhleb.
             Slain by Grinder (8 damage)
             ... on level 4 of the Dungeon.
             The game lasted 00:08:40 (4103 turns).

Dfrag the Stinger (Naga Venom Mage)                 Turns: 4103, Time: 00:08:41

Health: -5/82      AC:  4    Str: 14 (15) XL:     7   Next: 41%
Magic:  5/13       EV: 10    Int: 14 (17) God:    Makhleb [*.....]
Gold:   133        SH:  0    Dex: 11 (12) Spells: 11/15 levels left

rFire    . . .     SeeInvis +   n - +0 hand axe
rCold    . . .     Gourm    .   a - +0 robe
rNeg     . . .     Faith    .   (no shield)
rPois    +         Spirit   .   (no helmet)
rElec    .         Reflect  .   (no cloak)
rCorr    .         Harm     .   v - +0 pair of gloves
MR       .....                  (no barding)
Stlth    ..........             f - amulet of rage
Regen    0.3/turn               (no ring)
MPRegen  0.2/turn               (no ring)

@: mighty, berserking, quick
A: see invisible, deformed body, poison resistance, slowness 2, slow metabolism
1, spit poison 1, AC +2
a: Spit Poison, Renounce Religion, Evoke Berserk Rage


You were on level 4 of the Dungeon.
You worshipped Makhleb.
Makhleb was aware of your devotion.
You were hungry.

You visited 1 branch of the dungeon, and saw 5 of its levels.

You collected 133 gold pieces.

Inventory:

Hand Weapons
 n - a +0 hand axe (weapon)
Armour
 a - a +0 robe (worn)
 v - a +0 pair of gloves (worn)
Jewellery
 f - an amulet of rage (around neck)
Wands
 m - a wand of digging (14/24)
Scrolls
 e - a scroll of fear {unknown}
 h - 2 scrolls of enchant weapon {unknown}
 i - a scroll of fog {unknown}
 o - a scroll of remove curse {unknown}
 q - a scroll of magic mapping {unknown}
 s - a scroll of teleportation {unknown}
 t - a scroll of noise {unknown}
 u - 2 scrolls of enchant armour {unknown}
Potions
 g - a potion of mutation {unknown}
 j - a potion of curing
 l - a potion of degeneration
 x - a potion of heal wounds {unknown}
Books
 b - a Young Poisoner's Handbook

   Spells                             Type                      Level
   a - Sting                          Conjuration/Poison           1
   b - Poisonous Vapours              Poison/Air                   2
   c - Mephitic Cloud                 Conjuration/Poison/Air       3
   d - Olgreb's Toxic Radiance        Poison                       4
   e - Venom Bolt                     Conjuration/Poison           5
Comestibles
 c - 3 bread rations
 d - 5 fruits
 p - a meat ration


   Skills:
 - Level 1.5 Dodging
 - Level 3.0 Stealth
 + Level 4.5 Spellcasting
 + Level 4.4 Conjurations
 + Level 6.9 Poison Magic


You had 11 spell levels left.
You knew the following spells:

 Your Spells              Type           Power        Failure   Level  Hunger
a - Sting                 Conj/Pois      ###.         1%          1    None
b - Mephitic Cloud        Conj/Pois/Air  ##......     14%         3    ###....


Dungeon Overview and Level Annotations

Branches:
Dungeon (5/15)             Temple (0/1) D:4

Altars:
Makhleb

Annotations:
D:4 Grinder


Innate Abilities, Weirdness & Mutations

You cannot wear boots.
Your serpentine skin is tough. (AC +2)
You have supernaturally acute eyesight. (SInv)
Armour fits poorly on your strangely shaped body.
Your system is resistant to poisons. (rPois)
You cover ground very slowly.
You have a slow metabolism.
You can spit poison.


Message History

* * * LOW HITPOINT WARNING * * *
Grinder hits you.
* * * LOW HITPOINT WARNING * * *
You writhe in agony.
* * * LOW HITPOINT WARNING * * *
Okay, then.
You eat the royal jelly.
That royal jelly was delicious!
Grinder gestures at you. You resist with some effort.
A red film seems to cover your vision as you go berserk!
You feel yourself moving faster!
You feel mighty!
You are feeling hungry.
Grinder hits you.
* * * LOW HITPOINT WARNING * * *
You writhe in agony.
* * * LOW HITPOINT WARNING * * *
You hit Grinder.
Grinder is heavily wounded.
Grinder hits you!
You die...

#.#.# #####.#.### #.#
#..(......## #.# #
#..#.....<.# #.# ..
#..##......###.#
...##............#.##
.......##.>.........#
.......##...##...#..####
#.....@5...............
#.##..##....>...#..####
#.. #....#.#.#..##.#
............#.#......
###..##...####.......#
#.. #...# #.#.#....
#.......# #.#.###.#
......... .........
..... # .#.###.#


You could see Grinder.

Vanquished Creatures
  Menkaure (D:4)
  2 howler monkeys (D:4)
  The ghost of Yinadele the Sneak, a weakling SpEn (D:3)
  2 orc priests (D:3)
  An orc wizard (D:4)
  A centaur skeleton (D:4)
  Jessica (D:2)
  2 worker ants
  A hound zombie (D:5)
  A hound skeleton (D:4)
  A gnoll (D:5)
  3 adders (D:3)
  An ooze (D:4)
  3 worms
  2 dart slugs
  A leopard gecko (D:2)
  15 orcs
  7 giant cockroaches
  11 goblins
  8 hobgoblins
  6 jackals
  13 kobolds
  2 quokkas
  8 bats
  3 frilled lizards
  A jackal skeleton (D:4)
  3 rats (D:2)
101 creatures vanquished.

Notes
Turn   | Place    | Note
-------+----------+-------------------------------------------
     0 | D:1      | Dfrag the Naga Venom Mage began the quest for the Orb.
     0 | D:1      | Reached XP level 1. HP: 15/15 MP: 3/3
   140 | D:1      | Reached XP level 2. HP: 21/22 MP: 5/5
   452 | D:1      | Reached XP level 3. HP: 28/28 MP: 6/6
   712 | D:2      | Found a burning altar of Makhleb.
   718 | D:2      | Became a worshipper of Makhleb the Destroyer
  1104 | D:2      | Noticed Jessica
  1112 | D:2      | Killed Jessica
  1112 | D:2      | Reached XP level 4. HP: 17/36 MP: 4/8
  1692 | D:3      | Learned a level 3 spell: Mephitic Cloud
  1758 | D:3      | Noticed Yinadele's ghost (weakling SpEn)
  1774 | D:4      | Reached skill level 5 in Poison Magic
  1774 | D:4      | Reached XP level 5. HP: 40/42 MP: 5/9
  1786 | D:4      | Noticed a phantom
  1840 | D:3      | Reached * piety under Makhleb
  2104 | D:3      | Killed Yinadele's ghost
  2111 | D:3      | Reached XP level 6. HP: 11/49 MP: 7/11
  3008 | D:5      | Entered Level 5 of the Dungeon
  3332 | D:4      | Reached skill level 6 in Poison Magic
  3392 | D:4      | Reached XP level 7. HP: 35/55 MP: 5/13
  3395 | D:4      | Noticed Menkaure
  3408 | D:4      | Killed Menkaure
  3639 | D:4      | Noticed Grinder
  3977 | D:4      | Found a staircase to the Ecumenical Temple.
  4102 | D:4      | HP: 3/82 [Grinder (2)]
  4103 | D:4      | Slain by Grinder

Vault maps used:
D:1:      nicolae_arrival_washed_ashore, minivault_27, serial_bayou_pond_d
D:2:      hangedman_decor_peaks_small, bloody_makhleb, uniq_jessica
D:4:      temple_statues, serial_glass, glass_columns_a, glass_columns_a,
          first_bread, uniq_grinder, uniq_crazy_yiuf_cottage, uniq_menkaure
D:5:      minmay_misc_feat_encased

Skill      XL: |  1  2  3  4  5  6 |
---------------+-------------------+-----
Conjurations   | 2 3 4 |  4.4
Spellcasting   | 3 4 |  4.5
Poison Magic   | 5 6 |  6.9
Dodging        | |  1.5
Stealth        | |  3.0

Action                   |  1- 3 |  4- 6 |  7- 9 || total
-------------------------+-------+-------+-------++-------
Melee: Unarmed           |     4 |     4 |       ||     8
       Hand axe          |       |    30 |    17 ||    47
 Cast: Sting             |    38 |   130 |    36 ||   204
 Abil: Spit Poison       |    18 |    22 |     3 ||    43
       Evoke Berserk Rag |       |     2 |     3 ||     5
  Use: Potion            |       |       |     4 ||     4
 Stab: Sleeping          |       |       |     1 ||     1
  Eat: Chunk             |     1 |     9 |     2 ||    12
       Royal jelly       |       |       |     1 ||     1
       Fruit             |       |       |     1 ||     1
Armor: Robe              |     8 |    25 |    10 ||    43
Dodge: Dodged            |    15 |    76 |    22 ||   113
